 Dungeon Crawl Stone Soup version 0.28.0-53-g5a82cb258f (webtiles) character file.

Game seed: 9072624261675499764

3728 Ashen the Magician (level 9, -20/71 HPs)
             Began as a Mummy Fire Elementalist on July 22, 2022.
             Was a Believer of Ashenzari.
             Demolished by a boulder beetle (49 damage)
             ... on level 7 of the Dungeon.
             The game lasted 00:25:01 (9131 turns).

Ashen the Magician (Mummy Fire Elementalist)        Turns: 9131, Time: 00:25:02

Health: -20/71     AC:  3    Str: 12    XL:     9   Next: 92%
Magic:  16/30      EV: 14    Int: 18    God:    Ashenzari [**....]
Gold:   148        SH:  5    Dex: 12    Spells: 12/25 levels left

rFire   x . .      SeeInvis +   n - +2 dagger "Tethered Orthodoxy" {elec, Comp, Melee} (curse)
rCold   + . .      Faith    .   (no shield)
rNeg    + + +      Spirit   .   a - +0 robe "Circumscribed With Me" {Alch, Self} (curse)
rPois   ∞          Reflect  +   (no helmet)
rElec   .          Harm     .   (no cloak)
rCorr   .          Rampage  .   (no gloves)
Will    +....                   t - +0 pair of boots "Mantic Discomfort" {Comp, Cun} (curse)
Stlth   +++.......              q - amulet of the Restrained Sage {Reflect SH+5, Bglg, Comp} (curse)
HPRegen 0.21/turn               m - ring of magical power
MPRegen 0.22/turn               o - ring of flight

@: flying
A: cold resistance 1, negative energy resistance 3, torment resistance 2, heat
vulnerability 1, no potions
a: Renounce Religion, Shatter the Chains


You were on level 7 of the Dungeon.
You worshipped Ashenzari.
Ashenzari was pleased with you.
You visited 2 branches of the dungeon, and saw 8 of its levels.

You collected 411 gold pieces.
You spent 263 gold pieces at shops.

Inventory:

Hand Weapons
 k - a +0 long sword
 n - the cursed +2 dagger "Tethered Orthodoxy" (weapon) {elec, Comp, Melee}
   (You took it off a kobold on level 4 of the Dungeon)

   It occasionally discharges a powerful burst of electricity upon striking a
   foe.
   It has a curse which improves the following skills: Companions: Summonings
   and Necromancy.
   Melee Combat: Short Blades, Long Blades, Axes, Maces & Flails, Polearms,
   Staves and Unarmed Combat.
Armour
 a - the cursed +0 robe "Circumscribed With Me" (worn) {Alch, Self}

   It has a curse which improves the following skills: Alchemy: Poison Magic and
   Transmutations.
   Introspection: Fighting and Spellcasting.
 t - the cursed +0 pair of boots "Mantic Discomfort" (worn) {Comp, Cun}
   (You found it on level 7 of the Dungeon)

   It has a curse which improves the following skills: Companions: Summonings
   and Necromancy.
   Cunning:   Dodging and Stealth.
Magical Staves
 d - a staff of poison
Jewellery
 b - an amulet of reflection
 g - an amulet of regeneration
 m - a ring of magical power (left hand)
 o - a ring of flight (right hand)
 q - the cursed amulet of the Restrained Sage (around neck) {Reflect SH+5, Bglg, Comp}
   (You found it on level 6 of the Dungeon)

   [amulet of reflection]

   It reflects blocked missile attacks.
   SH:        It affects your SH (+5).
   It has a curse which improves the following skills: Beguiling: Conjurations,
   Hexes and Translocations.
   Companions: Summonings and Necromancy.
 s - a ring of protection from cold
Wands
 r - a wand of paralysis (4)
Scrolls
 c - a scroll of blinking
 e - 2 scrolls of amnesia
 f - a scroll of silence
 h - 4 scrolls of immolation
 i - 3 scrolls of magic mapping
 j - 3 scrolls of vulnerability
 l - a scroll of fear
 p - 3 scrolls of teleportation


   Skills:
 + Level 5.6(6.9) Fighting
 + Level 5.0(6.2) Dodging
 + Level 5.4(6.7) Stealth
 + Level 7.4(8.7) Spellcasting
 + Level 4.8(6.0) Conjurations
 + Level 5.5 Fire Magic


You had 12 spell levels left.
You knew the following spells:

 Your Spells              Type           Power      Damage    Failure   Level
a - Foxfire               Conj/Fire      100%       2x1d9     1%          1
b - Scorch                Fire           54%        2d7       1%          2
c - Conjure Flame         Conj/Fire      28%        6-21      2%          3
d - Inner Flame           Hex/Fire       18%        N/A       9%          3
e - Flame Wave            Conj/Fire      28%        2d8       9%          4

Your spell library contained the following spells:

 Spells                   Type           Power      Damage    Failure   Level


Dungeon Overview and Level Annotations

Branches:
Dungeon (7/15)             Temple (1/1) D:4

Altars:
Ashenzari
Cheibriados
Dithmenos
Elyvilon
Fedhas
Gozag
Makhleb
Nemelex Xobeh
Okawaru
Ru
Sif Muna
Uskayaw
Vehumet
Wu Jian
Xom
Yredelemnul
The Shining One

Shops:
D:6 ?   D:7 (

Annotations:
D:6 Maggie, Menkaure


Innate Abilities, Weirdness & Mutations

You are immune to poison.
Your flesh is cold resistant. (rC+)
You are immune to negative energy. (rN+++)
You are immune to unholy pain and torment.
You are vulnerable to heat. (rF-)
You do not drink.


Message History

Confirm with . or Enter, or press ? or * to list all spells.
Casting: Flame Wave (dangerous; 9% risk of failure)
Press: ? - help, Dir - look around, f - activate A wave of flame ripples out!
The flame wave engulfs the boulder beetle but does no damage. (Press . to intensify the flame waves.)
The boulder beetle closely misses you.
Unknown command.
A wave of flame ripples out!
The flame wave engulfs the boulder beetle.
The boulder beetle is lightly wounded.
The flame wave engulfs the orc!
The orc is burned terribly!
You kill the orc!
The boulder beetle bites you!
A wave of flame ripples out!
The flame wave engulfs the boulder beetle but does no damage.
The boulder beetle is lightly wounded.
You finish channelling waves of flame.
You hear a shout!
The boulder beetle bites you!
Casting: Flame Wave (dangerous; 9% risk of failure)
Confirm with . or Enter, or press ? or * to list all spells.
Casting: Flame Wave (dangerous; 9% risk of failure)
Press: ? - help, Dir - look around, f - activate A wave of flame ripples out!
The flame wave engulfs the boulder beetle but does no damage.
The boulder beetle is lightly wounded. (Press . to intensify the flame waves.)
The boulder beetle leaps!
A wave of flame ripples out!
The boulder beetle curls into a ball and begins rolling!
A wave of flame ripples out!
You finish channelling waves of flame.
You hear a shout!
An orc comes into view. It is wielding a +0 dagger.
You hit the boulder beetle.
Lightning courses through the boulder beetle!
The boulder beetle is moderately wounded.
The boulder beetle hits you!!!
Ouch! That really hurt!
You die...

..# * #..####.####.o.
..##### #.#......⌠o....##*
......., #.#..####.####o.##
..######.#...###.#.#.###..#
.........#..###.##.##.###.#
..########.....###.###....#
........§......##...##....#
.......###.#...#..#..#....#
.........(.#....@##....#.##
.###.....####.#B...)####
.###.....#.°°°°..#### .
.........#.......# ##.
.###....)#.......# #..*
.##....).####+##.######.#
.##...)))#### ##.##...#.#
.##......)..#.#...'...#.#
.##...........#####...#.##


You could see a boulder beetle (rolling), an orc wizard and an orc.

Vanquished Creatures
  A cyclops (D:7)
  A gargoyle (D:7)
  3 water moccasins
  4 necrophages
  An ice beast (D:6)
  A black bear (D:3)
  4 ogres
  A centaur (D:5)
  2 phantoms (D:6)
  A kobold brigand (D:7)
  2 bullfrogs
  2 gnoll sergeants (D:7)
  A wyvern zombie (D:7)
  3 scorpions
  2 howler monkeys (D:6)
  A centaur zombie (D:7)
  5 jellies
  7 hounds
  An orc priest (D:6)
  A gnoll shaman (D:7)
  2 bullfrog skeletons
  2 iguanas (D:5)
  3 scorpion zombies (D:5)
  2 orc wizards (D:3)
  A killer bee zombie (D:6)
  2 hound skeletons (D:4)
  16 gnolls
  8 adders
  3 shadow imps
  2 ufetubi (D:4)
  2 worms (D:3)
  11 orcs
  4 endoplasms
  3 giant cockroaches
  6 goblins
  10 hobgoblins
  10 kobolds
  4 quokkas
  7 ball pythons
  4 bats
  2 frilled lizards (D:3)
  2 rats (D:2)
150 creatures vanquished.

Vanquished Creatures (others)
  516 foxfires
  4 withered plants (D:3)
520 creatures vanquished.

Grand Total: 670 creatures vanquished

Notes
Turn   | Place    | Note
-------+----------+-------------------------------------------
     0 | D:1      | Ashen the Mummy Fire Elementalist began the quest for the
                  | Orb.
     0 | D:1      | Reached XP level 1. HP: 13/13 MP: 4/4
   289 | D:1      | Reached skill level 1 in Conjurations
   289 | D:1      | Reached XP level 2. HP: 20/20 MP: 3/5
   904 | D:1      | Reached skill level 3 in Spellcasting
  1082 | D:1      | Reached XP level 3. HP: 19/25 MP: 2/7
  1663 | D:2      | Reached skill level 1 in Fighting
  2088 | D:2      | Reached XP level 4. HP: 29/32 MP: 5/8
  2380 | D:3      | Noticed a necrophage
  2388 | D:2      | Learned a level 2 spell: Scorch
  2392 | D:2      | Learned a level 3 spell: Conjure Flame
  2396 | D:2      | Learned a level 3 spell: Inner Flame
  2533 | D:3      | Noticed a black bear
  2544 | D:3      | Killed a black bear
  2545 | D:3      | Reached XP level 5. HP: 38/38 MP: 2/10
  2630 | D:3      | Killed a necrophage
  2631 | D:3      | Reached XP level 6. HP: 37/44 MP: 1/11
  2765 | D:3      | Reached skill level 4 in Spellcasting
  2933 | D:3      | Learned a level 4 spell: Flame Wave
  3346 | D:3      | Found a faded altar of an unknown god.
  3519 | D:4      | Reached XP level 7. HP: 51/51 MP: 4/13
  4026 | D:4      | Found a staircase to the Ecumenical Temple.
  4033 | Temple   | Entered the Ecumenical Temple
  4359 | Temple   | Became a worshipper of Ashenzari the Shackled
  4962 | D:4      | Found a burning altar of Makhleb.
  5073 | D:5      | Entered Level 5 of the Dungeon
  5238 | D:5      | Reached skill level 5 in Spellcasting
  5421 | D:5      | Reached XP level 8. HP: 60/60 MP: 10/15
  5518 | D:5      | Found a blossoming altar of Fedhas.
  6175 | D:6      | Noticed Maggie
  6218 | D:6      | Reached * piety under Ashenzari
  6439 | D:6      | Reached skill level 6 in Spellcasting
  6450 | D:6      | Found Siashr Meam's Magic Scroll Boutique.
  6513 | D:6      | Bought a scroll of immolation for 38 gold pieces
  6513 | D:6      | Bought a scroll of blinking for 82 gold pieces
  6513 | D:6      | Bought a scroll of teleportation for 33 gold pieces
  6513 | D:6      | Bought a scroll of teleportation for 33 gold pieces
  6513 | D:6      | Bought 2 scrolls of magic mapping for 77 gold pieces
  6744 | D:6      | Reached XP level 9. HP: 52/68 MP: 19/19
  6986 | D:6      | Noticed Menkaure
  7170 | D:6      | Reached ** piety under Ashenzari
  7220 | D:6      | Found an iron altar of Okawaru.
  7221 | D:6      | Found a hide-covered altar of Uskayaw.
  7506 | D:7      | Reached skill level 5 in Fighting
  7605 | D:7      | Noticed a cyclops
  7606 | D:7      | Reached skill level 5 in Stealth
  7606 | D:7      | Reached skill level 5 in Fire Magic
  8060 | D:7      | Noticed a gargoyle
  8079 | D:7      | Killed a gargoyle
  8080 | D:7      | Reached skill level 7 in Spellcasting
  8646 | D:7      | Killed a cyclops
  8647 | D:7      | Reached skill level 5 in Dodging
  8877 | D:7      | Found Zenlisar's Antique Weapon Shop.
  9110 | D:7      | Noticed a boulder beetle
  9113 | D:7      | Noticed a cyclops
  9113 | D:7      | Noticed an unseen horror
  9131 | D:7      | Demolished by a boulder beetle

Illustrated notes

Levels and vault maps discovered:
D:1:      dpeg_arrival_fog, layout_loops_ring
D:2:      layout_loops_ring
D:3:      kennysheep_big_flooded_room, layout_rooms,
          ebering_ecumenical_altar_petrified
D:4:      layout_loops_corners, nicolae_overflow_hidden_temple, temple_green,
          nicolae_figureground_sparkle
D:5:      minmay_spotlight, layout_cave_pools, mainiacjoe_overflow_alcove_2,
          serial_column_ruins, column_ruins_square_small,
          column_ruins_open_large, column_ruins_open_small,
          column_ruins_corridor_T, column_ruins_open_small_water,
          column_ruins_corridor_straight
D:6:      layout_cave_pods, gammafunk_temple_overflow_statue, serial_shops,
          nicolae_shop_advertising_works [nicolae_subvault_shop_adworks],
          uniq_maggie, uniq_menkaure
D:7:      layout_basic, serial_shops, shop_fountains, kb_rosetta
Temple:   oiseaux_autumnal_temple

Skill      XL: |  1  2  3  4  5  6  7  8  9 |
---------------+----------------------------+-----
Conjurations   | 1 2 3 4 |  4.8
Spellcasting   | 3 4 5 6 7 |  7.4
Stealth        | 2 3 4 5 |  5.4
Fighting       | 1 2 3 4 5 |  5.6
Dodging        | 2 3 4 5 |  5.0
Fire Magic     | 3 4 5 |  5.5

Action                   |  1- 3 |  4- 6 |  7- 9 || total
-------------------------+-------+-------+-------++-------
Melee: Unarmed           |     4 |       |       ||     4
       Staff             |    46 |    39 |    18 ||   103
       Whip              |     4 |       |       ||     4
       Dagger            |       |       |    50 ||    50
 Cast: Foxfire           |    49 |    67 |   178 ||   294
       Scorch            |       |     7 |    32 ||    39
       Flame Wave        |       |       |    15 ||    15
Invok: Curse Item        |       |       |     4 ||     4
 Stab: Distracted        |       |     1 |       ||     1
       Sleeping          |       |       |     4 ||     4
Armor: Robe              |    21 |     8 |    18 ||    47
Dodge: Dodged            |    74 |    45 |    96 ||   215
Block: Other             |       |       |    16 ||    16
       Reflection        |       |       |     1 ||     1
